 Dungeon Sprint DCSS version 0.31-a0-986-g5e6e4ef867 (webtiles) character file.

Game seed: 7577204494304790890

12 rocky1 the Digger (level 2, -6/18 HPs)
             Began as an Octopode Earth Elementalist on Nov 20, 2023.
             Was an Initiate of Gozag.
             Mangled by a wight
             ... wielding a +0 mace
              (9 damage)
             ... in the Dungeon (Sprint VI: "Thunderdome").
             The game lasted 00:03:48 (245 turns).

rocky1 the Digger (Octopode Earth Elementalist)      Turns: 245, Time: 00:03:48

Health: -6/18      AC:  1    Str:  7    XL:     2   Next: 12%
Magic:  1/5        EV: 10    Int: 23    God:    Gozag
Gold:   13         SH:  0    Dex: 16    Spells: 4/5 levels left

rFire   + +          +
                       - Unarmed
rCold   + . .        (no shield)
rNeg    + + .        (helmet restricted)
rPois   .            (no amulet)
rElec   +            m - ring of Pride {Wiz rF+ Will++ Str-3}
rCorr   +            k - ring of Ucifesik {rF++ rN+ rCorr Stlth+}
SInv    .            q - ring "Pikatibe" {rElec rC+ Int+6}
Will    +++..        n - ring "Gitapheq" {rF+ Will+}
Stlth   ++++         r - ring of Jowal {Wiz rN+}
HPRegen 0.23/turn    o - ring "Kinkuefe" {Fire Dex+4}
MPRegen 0.09/turn    s - ring of Fikk {Ice Str+3}
                     (no ring)

%: no teleportation, wizardry (x2)
@: gold aura, constricted
A: almost no armour, amphibious, 8 rings, camouflage 1, gelatinous body 1,
(nimble swimmer 1), tentacles
a: Renounce Religion, Potion Petition, Call Merchant, Bribe Branch


You were in the Dungeon.
You worshipped Gozag.
Gozag was noncommittal.
You visited 1 branch You collected 508 gold pieces.
You spent 495 gold pieces at shops.

Inventory:

Jewellery
 k - the ring of Ucifesik (right tentacle) {rF++ rN+ rCorr Stlth+}
   (You bought it in a shop in the Dungeon)

   [ring of positive energy]

   rF++:      It greatly protects you from fire.
   rN+:       It protects you from negative energy.
   rCorr:     It protects you from acid and corrosion.
   Stlth+:    It makes you more stealthy.
 l - the ring of Moaff {rPois rN++ Str-5 Dex+2 SInv}
   (You bought it in a shop in the Dungeon)

   [ring of poison resistance]

   Str-5:     It affects your strength (-5).
   Dex+2:     It affects your dexterity (+2).
   rPois:     It protects you from poison rN++: It greatly protects you from
   negative energy.
   SInv:      It lets you see invisible.
 m - the ring of Pride (left tentacle) {Wiz rF+ Will++ Str-3}
   (You bought it in a shop in the Dungeon)

   [ring of wizardry]

   Wiz:       It improves your spell success rate.
   Str-3:     It affects your strength (-3).
   rF+:       It protects you from fire.
   Will++:    It greatly increases your willpower.
 n - the ring "Gitapheq" (on tentacle) {rF+ Will+}
   (You bought it in a shop in the Dungeon)

   [ring of protection from fire]

   rF+:       It protects you from fire.
   Will+:     It increases your willpower.
 o - the ring "Kinkuefe" (on tentacle) {Fire Dex+4}
   (You bought it in a shop in the Dungeon)

   [ring of fire]

   Fire:      It enhances your fire magic.
   Dex+4:     It affects your dexterity (+4).
   rF+:       It protects you from fire.
   rC-:       It makes you vulnerable to cold.
 q - the ring "Pikatibe" (on tentacle) {rElec rC+ Int+6}
   (You bought it in a shop in the Dungeon)

   [ring of intelligence]

   Int+6:     It affects your intelligence (+6).
   rC+:       It protects you from cold.
   rElec:     It insulates you from electricity.
 r - the ring of Jowal (on tentacle) {Wiz rN+}
   (You bought it in a shop in the Dungeon)

   [ring of wizardry]

   Wiz:       It improves your spell success rate.
   rN+:       It protects you from negative energy.
 s - the ring of Fikk (on tentacle) {Ice Str+3}
   (You bought it in a shop in the Dungeon)

   [ring of ice]

   Ice:       It enhances your ice magic.
   Str+3:     It affects your strength (+3).
   rF-:       It makes you vulnerable to fire.
   rC+:       It protects you from cold.
Wands
 h - a wand of light (5)
 i - a wand of roots (4)
Scrolls
 f - 4 scrolls of blinking
 j - 3 scrolls of fog
Potions
 a - 3 potions of magic
 b - a potion of curing
 c - 4 potions of heal wounds
 d - 4 potions of haste
 e - a potion of berserk rage
 g - a potion of resistance


   Skills:
 * Level 1.6 Fighting
 + Level 2.4 Dodging
 - Level 2.6 Stealth
 * Level 1.6 Unarmed Combat
 + Level 2.3 Spellcasting
 + Level 0.6 Conjurations
 - Level 1.0 Transmutations
 + Level 3.2 Earth Magic
 + Level 0.9 Shapeshifting


You had 4 spell levels left.
You knew the following spells:

 Your Spells              Type           Power      Damage    Failure   Level
a - Sandblast             Erth           34%        2d9       1%          1

Your spell library contained the following spells:

 Spells                   Type           Power      Damage    Failure   Level
 Passwall                 Tmut/Erth      10%        N/A       2%          2
 Stone Arrow              Conj/Erth      22%        3d8       4%          3
 Petrify                  Tmut/Erth      12%        N/A       13%         4
 Brom's Barrelling Bould  Conj/Erth      11%        2d3       16%         4


Dungeon Overview and Level Annotations

Branches:
Dungeon (1/1)

Altars:
Cheibriados
Dithmenos
Fedhas
Gozag
Kikubaaqudgha
Makhleb
Okawaru
Qazlal
Ru
Sif Muna
Trog
Uskayaw
Vehumet
Wu Jian
Xom
Yredelemnul
Zin
The Shining One
Lugonu

Shops:
D *[=??*?*:[((!!!!


Innate Abilities, Weirdness & Mutations

You cannot wear most types of armour.
You are amphibious.
You can wear up to eight rings at the same time.
Your skin changes colour to match your surroundings (Stealth+).
Your rubbery body absorbs attacks. (AC +1, EV +1)
((You are camouflaged when in or above water. (Stealth+)))
You have tentacles for arms and can constrict up to eight enemies at once.


Message History

Roots grab the ball python zombie.
The grasping roots constrict the wight, but do no damage.
The grasping roots constrict the ball python zombie.
The grasping roots constrict the ball python skeleton.
You destroy the ball python skeleton!
The ball python zombie barely misses you.
The ball python zombie closely misses you.
The wight barely misses you.
Unknown command.
You tentacle-slap the wight but do no damage.
The wight is lightly damaged.
The grasping roots constrict the wight.
The grasping roots constrict the ball python zombie.
The roots release their grip on the ball python zombie.
The roots release their grip on the wight.
The ball python zombie barely misses you.
The ball python zombie closely misses you.
The wight misses you.
You tentacle-slap the wight but do no damage.
You grab the wight.
The wight is lightly damaged.
You constrict the wight. The ball python zombie misses you.
The ball python zombie grabs you. The ball python zombie constricts you.
The wight hits you with a +0 mace!
Ouch! That really hurt!
* * * LOW HITPOINT WARNING * * *
Aiming: Sandblast (safe; 1% risk of failure)
Press: ? - help, Q - select action, (/) - cycle Shift-Dir - straight line, f - wight
Aim: a wight, wielding a +0 mace and wearing a +0 robe (lightly damaged, constricted by you, 100% to hit)
The blast of sand hits the wight but does no damage.
The wight is lightly damaged.
You constrict the wight, but do no damage.
The ball python zombie bites you.
* * * LOW HITPOINT WARNING * * *
The ball python zombie constricts you.
* * * LOW HITPOINT WARNING * * *
The wight hits you with a +0 mace!
Ouch! That really hurt!
You die...
Your body crumbles into a pile of gold.

##∩_........###......___∩##
##∩........8.# #.8........∩###
........)....###.............#
......)...###.).###..........⌠
..........# #.<.# #..........⌠
...)......###...###..........⌠
......)......###.............#
##∩........8.# #.8........∩###
##∩_._......###@z....___∩##
######.8.....$.Z.8.######
#⌠...........⌠#
###.........### #_........#
#_......._# #_......._#
#∩.......∩# ##∩.....∩##


You could see a wight and a ball python zombie.

Vanquished Creatures
  An orc (D)
  A bat skeleton (D)
  3 goblins (D)
  A kobold (D)
  A ball python skeleton (D)
7 creatures vanquished.

Notes
Turn   | Place    | Note
-------+----------+-------------------------------------------
     0 | D        | rocky1 the Octopode Earth Elementalist began the quest for
                  | the Orb.
     0 | D        | Reached XP level 1. HP: 11/11 MP: 3/3
     3 | D        | Found a blossoming altar of Fedhas.
     4 | D        | Found a shimmering blue altar of Sif Muna.
     5 | D        | Found a bloodstained altar of Trog.
     5 | D        | Found a sacrificial altar of Ru.
     5 | D        | Round 1.
     6 | D        | Found Galufit's Timeless Talismans.
     6 | D        | Found a corrupted altar of Lugonu.
     6 | D        | Found Zecasih's Identification Station.
     7 | D        | Found Keshraci's Jewellery.
     7 | D        | Found Inaick's Advanced Armour.
    10 | D        | Found a shimmering altar of Xom.
    11 | D        | Found an opulent altar of Gozag.
    13 | D        | Found a glowing silver altar of Zin.
    14 | D        | Found Xifecod's Premium Goods.
    15 | D        | Found Assa Yde's Miscellaneous Merchandise.
    15 | D        | Found Nocakleots's Basic Armour.
    20 | D        | Became a worshipper of Gozag Ym Sagoz the Greedy
    21 | D        | Found a hide-covered altar of Uskayaw.
    21 | D        | Found a burning altar of Makhleb.
    21 | D        | Found Xohisuurphy's Weapon Rack.
    25 | D        | Found a stormy altar of Qazlal.
    27 | D        | Found an iron altar of Okawaru.
    28 | D        | Found Fillaiqi's Do-It-Yourself Clinic.
    28 | D        | Found a snail-covered altar of Cheibriados.
    28 | D        | Found an ornate altar of the Wu Jian Council.
    28 | D        | Found a shadowy altar of Dithmenos.
    28 | D        | Found Buosafal's Distillery.
    29 | D        | Found Asaacare's Bottled Wisdom.
    29 | D        | Found Meduumef's Distillery.
    32 | D        | Found a basalt altar of Yredelemnul.
    33 | D        | Found an ancient bone altar of Kikubaaqudgha.
    34 | D        | Found a radiant altar of Vehumet.
    35 | D        | Found a glowing golden altar of the Shining One.
    35 | D        | Found Wytsinatur's Staff Store.
    35 | D        | Found Soleliw's Magic Scroll Shop.
    36 | D        | Found Odurr's Must-Have Magic.
    36 | D        | Found Ymnuqacra's Magic Scroll Shop.
    56 | D        | Reached skill level 1 in Fighting
    56 | D        | Reached skill level 1 in Unarmed Combat
   110 | D        | Arena points: 12 (+12) [x2]
   111 | D        | Reached XP level 2. HP: 18/18 MP: 0/5
   129 | D        | Bought a scintillating golden ring for 45 gold pieces
   129 | D        | Identified the ring of Ucifesik {rF++ rN+ rCorr Stlth+}
                  | (You bought it in a shop in the Dungeon)
   129 | D        | Bought a clouded copper ring for 45 gold pieces
   129 | D        | Identified the ring of Moaff {rPois rN++ Str-5 Dex+2 SInv}
                  | (You bought it in a shop in the Dungeon)
   129 | D        | Bought a brightly glowing amber ring for 45 gold pieces
   129 | D        | Identified the ring of Pride {Wiz rF+ Will++ Str-3} (You
                  | bought it in a shop in the Dungeon)
   129 | D        | Bought a heavily runed wooden ring for 45 gold pieces
   129 | D        | Identified the ring "Gitapheq" {rF+ Will+} (You bought it
                  | in a shop in the Dungeon)
   129 | D        | Bought a sparkling marble ring for 45 gold pieces
   129 | D        | Identified the ring "Kinkuefe" {Fire Dex+4} (You bought it
                  | in a shop in the Dungeon)
   129 | D        | Bought a warped amethyst amulet for 45 gold pieces
   129 | D        | Identified the amulet of the Duchess {Faith -Tele Harm
                  | Will+ Slay+6} (You bought it in a shop in the Dungeon)
   129 | D        | Bought a clouded lapis lazuli ring for 45 gold pieces
   129 | D        | Identified the ring "Pikatibe" {rElec rC+ Int+6} (You
                  | bought it in a shop in the Dungeon)
   129 | D        | Bought a crude wooden ring for 45 gold pieces
   129 | D        | Identified the ring of Jowal {Wiz rN+} (You bought it in a
                  | shop in the Dungeon)
   129 | D        | Bought a sparkling wooden ring for 45 gold pieces
   129 | D        | Identified the ring of Fikk {Ice Str+3} (You bought it in a
                  | shop in the Dungeon)
   180 | D        | Round 2.
   215 | D        | Bought a faintly glowing brass amulet for 45 gold pieces
   215 | D        | Identified the amulet of Fibenar {Spirit rCorr} (You bought
                  | it in a shop in the Dungeon)
   215 | D        | Bought a heavily runed silver amulet for 45 gold pieces
   215 | D        | Identified the amulet of Kilinguw {Spirit +Blink Int+3
                  | Dex+4} (You bought it in a shop in the Dungeon)
   233 | D        | Noticed a wight
   245 | D        | Mangled by a wight

Illustrated notes

Levels and vault maps discovered:
D:        arena_sprint

Skill      XL: |  1 |
---------------+----+-----
Fighting       | 1 |  1.6
Unarmed Combat | 1 |  1.6
Dodging        | |  2.4
Stealth        | |  2.6
Spellcasting   | |  2.3
Conjurations   | |  0.6
Transmutations | |  1.0
Earth Magic    | |  3.2
Shapeshifting  | |  0.9

Action                     || total
---------------------------++-------
  Melee: Unarmed           ||     3
         Constrict         ||     1
   Cast: Sandblast         ||    12
  Evoke: Wand              ||     1
 Armour: Skin              ||     3
  Dodge: Dodged            ||    14

Table legend: (Time is in decaauts)
 A = Elapsed time spent in this place.
 B = Non-inter-level travel time spent in this place.
 C = Inter-level travel time spent in this place.
 D = Time resting spent in this place.
 E = Time spent auto-exploring this place.
 F = Levels seen in this place.
 G = Mean time per level.
                   A        B        C        D        E       F      G
               +--------+--------+--------+--------+--------+-----+--------+
         Total |    246 |    246 |      0 |     13 |      0 |   1 |  246.0 |
       Dungeon |    246 |    246 |      0 |     13 |      0 |   1 |  246.0 |
               +--------+--------+--------+--------+--------+-----+--------+

Top non-repeatable levels by time:
       D: 246 daAuts
